 Dungeon Crawl Stone Soup version 0.28-a0-750-g7c675f85b1 (webtiles) character file.

Game seed: 4215155509375128588

1167 Sabo the Covered (level 8, -2/43 HPs)
             Began as a Gargoyle Fighter on Oct 29, 2021.
             Was a Believer of Hepliaklqana.
             Slain by an orc (5 damage)
             ... on level 6 of the Dungeon.
             The game lasted 00:23:29 (5702 turns).

Sabo the Covered (Gargoyle Fighter)                 Turns: 5702, Time: 00:23:30

Health: -2/43      AC: 15    Str: 21    XL:     8   Next: 40%
Magic:  8/8        EV:  8    Int:  9    God:    Hepliaklqana [**....]
Gold:   140        SH:  4    Dex: 10    Spells: 7/7 levels left

rFire   . . .      SeeInvis .   m - +1 flail (vorpal)
rCold   . . .      Faith    .   c - +0 buckler
rNeg    + . .      Spirit   .   i - +0 chain mail
rPois   ∞          Reflect  .   (no helmet)
rElec   +          Harm     .   (no cloak)
rCorr   .          Rampage  .   (no gloves)
Will    .....                   (no boots)
Stlth   ..........              (no amulet)
HPRegen 0.14/turn               (no ring)
MPRegen 0.11/turn               (no ring)

@: mighty
A: reduced essence, sickness immunity, AC +5, negative energy resistance 1,
electricity resistance, torment resistance 1, petrification resistance
a: Renounce Religion, Recall Ancestor, Ancestor Identity


You were on level 6 of the Dungeon.
You worshipped Hepliaklqana.
Hepliaklqana was pleased with you.
You visited 1 branch of the dungeon, and saw 6 of its levels.

You collected 140 gold pieces.

Inventory:

Hand Weapons
 a - a +0 war axe
 l - a +1 dagger of electrocution
 m - a +1 vorpal flail (weapon)
 q - a +0 hunting sling
 v - a +0 flail of protection
Missiles
 b - 3 curare-tipped darts (quivered)
 n - 23 bolts
 u - 16 arrows
Armour
 c - a +0 buckler (worn)
 i - a +0 chain mail (worn)
 s - a +0 plate armour
Wands
 r - a wand of polymorph (10)
 w - a wand of iceblast (10)
Scrolls
 f - a scroll of teleportation
 g - a scroll of fear {unknown}
 o - a scroll of magic mapping
 p - a scroll of holy word {unknown}
 t - a scroll of amnesia {unknown}
Potions
 d - a potion of might
 e - 3 potions of flight
 h - 2 potions of resistance {unknown}
 j - a potion of attraction {unknown}
 k - a potion of mutation {unknown}


   Skills:
 + Level 4.9 Fighting
 + Level 5.1(5.5) Axes
 + Level 3.4(5.0) Maces & Flails
 + Level 5.9 Armour
 + Level 1.9 Dodging
 + Level 1.5 Stealth
 + Level 4.8 Shields


You had 7 spell levels left.
You didn't know any spells.
Your spell library contained the following spells:

 Spells                   Type           Power      Damage    Failure   Level
 Ozocubu's Armour         Ice            0%         N/A       100%        3
 Tukima's Dance           Hex            0%         N/A       100%        3
 Passage of Golubria      Tloc           0%         N/A       100%        4
 Yara's Violent Unravell  Hex/Tmut       0%         3d3       100%        5
 Ozocubu's Refrigeration  Ice            0%         4d5       100%        7


Dungeon Overview and Level Annotations

Branches:
Dungeon (6/15)
 Temple: D:4-7

Altars:
Ashenzari
Cheibriados
Hepliaklqana
Kikubaaqudgha
Makhleb
Qazlal
Ru
Trog
Uskayaw
The Shining One


Innate Abilities, Weirdness & Mutations

Your life essence is reduced to manifest your ancestor. (-10% HP)
You are immune to sickness and miasma.
Your stone body is resilient. (AC +5)
You are immune to poison.
You resist negative energy. (rN+)
You are resistant to electric shocks. (rElec)
You are resistant to unholy torment.
You are immune to petrification.


Message History

You barely miss something. You block the orc's attack. Something hits you.
The hound bites you but does no damage. The iguana bites you.
The hound bites you but does no damage. Something hits you.
The orc hits you but does no damage.
You miss something.
You float gracefully downwards.
The hound bites you but does no damage.
The iguana bites you but does no damage.
The orc hits you but does no damage. Something hits you but does no damage.
You barely miss something. The hound barely misses you.
The iguana bites you but does no damage.
The hound bites you but does no damage. The orc barely misses you.
You hear some strange, mumbled words.
A puff of flame appears from out of thin air!
The puff of flame hits you.
* * * LOW HITPOINT WARNING * * *
You thump something! The hound barely misses you. The iguana bites you.
* * * LOW HITPOINT WARNING * * *
Something hits you but does no damage. The orc hits you but does no damage.
The hound bites you but does no damage.
You closely miss something.
The iguana bites you but does no damage.
The hound bites you but does no damage.
You hear some strange, mumbled words.
Something tries to affect you, but you resist.
The orc hits you but does no damage.
You miss something. The hound barely misses you.
The iguana bites you but does no damage.
You block something's attack. The orc hits you but does no damage.
The hound bites you but does no damage.
The iguana hisses menacingly.
The iguana bites you but does no damage.
You miss something. The hound barely misses you.
Something hits you but does no damage. The orc hits you but does no damage.
You block the hound's attack. The iguana bites you.
* * * LOW HITPOINT WARNING * * *
You barely miss something. Something hits you but does no damage.
The hound bites you.
* * * LOW HITPOINT WARNING * * *
The orc hits you with a +0 hand axe.
You die...

.... ... ... ..##
. . #.. #...# ..
...###..#....#...
...........#....
.... ##)##..#
..... #..<..#
......##R...#
.....oh@##..#
......l{o##....
.........# .....
...>...#.. ......
......# ..# .....
...... ..# #.$..
...... ... ......
..##


You could see the friendly Jabu the battlemage, an iguana, a hound and 2 orcs.

Vanquished Creatures
  Grinder (D:5)
  A wyvern (D:4)
  A water moccasin skeleton (D:2)
  A howler monkey (D:6)
  A centaur zombie (D:5)
  A bullfrog skeleton (D:5)
  2 orc priests
  An iguana (D:4)
  2 orc wizards
  8 adders
  A white imp (D:4)
  A worm (D:4)
  A dart slug (D:3)
  10 orcs
  4 ball pythons (D:1)
  4 endoplasms
  3 giant cockroaches
  3 goblins
  3 hobgoblins
  9 jackals (D:1)
  6 kobolds
  4 quokkas
  A bat (D:2)
  4 frilled lizards
  3 rats
76 creatures vanquished.

Vanquished Creatures (collateral kills)
  Edmund (D:5)
  A sky beast (D:4)
  An orc priest (D:4)
  A bullfrog skeleton (D:5)
  2 orc wizards (D:6)
  2 iguanas (D:5)
  2 shadow imps
  4 orcs
  An endoplasm (D:3)
  A hobgoblin (D:3)
  A ball python (D:3)
  A rat (D:3)
18 creatures vanquished.

Grand Total: 94 creatures vanquished

Notes
Turn   | Place    | Note
-------+----------+-------------------------------------------
     0 | D:1      | Sabo the Gargoyle Fighter began the quest for the Orb.
     0 | D:1      | Reached XP level 1. HP: 14/14 MP: 1/1
   265 | D:1      | Reached XP level 2. HP: 19/19 MP: 2/2
   831 | D:1      | Reached XP level 3. HP: 22/23 MP: 3/3
  1390 | D:2      | Reached XP level 4. HP: 25/28 MP: 4/4
  1795 | D:2      | Found an ancient bone altar of Kikubaaqudgha.
  1987 | D:2      | Reached XP level 5. HP: 32/33 MP: 5/5
  2174 | D:2      | Found a faded altar of an unknown god.
  2207 | D:2      | Prayed at the altar of an unknown god.
  2207 | D:2      | Became a worshipper of Hepliaklqana the Forgotten
  2207 | D:2      | Reached * piety under Hepliaklqana
  2499 | D:2      | Reached skill level 1 in Dodging
  2572 | D:3      | Found a bloodstained altar of Trog.
  2572 | D:3      | Found a glowing golden altar of the Shining One.
  2572 | D:3      | Found a stormy altar of Qazlal.
  2573 | D:3      | Found a hide-covered altar of Uskayaw.
  2574 | D:3      | Found a sacrificial altar of Ru.
  2575 | D:3      | Found a snail-covered altar of Cheibriados.
  2575 | D:3      | Found a broken altar of Ashenzari.
  2576 | D:3      | Found a burning altar of Makhleb.
  3360 | D:4      | Noticed a wyvern
  3369 | D:4      | Killed a wyvern
  3370 | D:4      | Reached XP level 6. HP: 21/34 MP: 6/6
  4118 | D:4      | Reached XP level 7. HP: 37/39 MP: 7/7
  4314 | D:4      | Reached ** piety under Hepliaklqana
  4315 | D:4      | Remembered your ancestor Jabu as a battlemage
  4377 | D:4      | Reached skill level 1 in Stealth
  4633 | D:5      | Entered Level 5 of the Dungeon
  4638 | D:5      | Noticed Grinder
  4656 | D:5      | Killed Grinder
  4657 | D:5      | Reached skill level 5 in Axes
  4657 | D:5      | Reached skill level 1 in Maces & Flails
  4657 | D:5      | Reached skill level 5 in Armour
  4915 | D:5      | Noticed Edmund
  4935 | D:5      | Killed Edmund
  4936 | D:5      | Reached XP level 8. HP: 27/43 MP: 8/8
  5702 | D:6      | Slain by an orc

Illustrated notes

Levels and vault maps discovered:
D:1:      lightli_arrival_statue_moat, layout_basic, minmay_misc_feat_rugged
D:2:      layout_loops_ring, basic_altar, ebering_ecumenical_altar_hall,
          feat_on_display
D:3:      layout_loops_ring, grunt_temple_overflow_open
D:4:      layout_loops_ring, kennysheep_generic_room_12
D:5:      layout_basic, uniq_edmund, uniq_grinder
D:6:      layout_cave_pools, minmay_temple_entry_poolview, gup_sewer_entry_glass

Skill      XL: |  1  2  3  4  5  6  7  8 |
---------------+-------------------------+-----
Axes           | 2 3 4 5 |  5.1
Dodging        | 1 |  1.9
Armour         | 4 5 |  5.9
Fighting       | 4 |  4.9
Shields        | 4 |  4.8
Stealth        | 1 |  1.5
Maces & Flails | 2 3 |  3.4

Action                   |  1- 3 |  4- 6 |  7- 9 || total
-------------------------+-------+-------+-------++-------
Melee: War axe           |    75 |   123 |       ||   198
       Flail             |       |    32 |    78 ||   110
Invok: Ancestor Life: Ba |       |       |     1 ||     1
       Ancestor Identity |       |       |     1 ||     1
  Use: Scroll            |       |     1 |     1 ||     2
       Potion            |       |       |     2 ||     2
 Stab: Distracted        |       |       |     1 ||     1
Armor: Scale mail        |    39 |    38 |       ||    77
       Chain mail        |       |    56 |    62 ||   118
Dodge: Dodged            |    56 |    65 |    32 ||   153
Block: Buckler           |    17 |    39 |    18 ||    74

Table legend: (Time is in decaauts)
 A = Elapsed time spent in this place.
 B = Non-inter-level travel time spent in this place.
 C = Inter-level travel time spent in this place.
 D = Time resting spent in this place.
 E = Time spent auto-exploring this place.
 F = Levels seen in this place.
 G = Mean time per level.
                   A        B        C        D        E       F      G
               +--------+--------+--------+--------+--------+-----+--------+
         Total |   5794 |   5793 |      1 |   1450 |      0 |   6 |  965.7 |
       Dungeon |   5794 |   5793 |      1 |   1450 |      0 |   6 |  965.7 |
               +--------+--------+--------+--------+--------+-----+--------+

Top non-repeatable levels by time:
     D:4: 1428 daAuts
     D:1: 1409 daAuts
     D:2: 1184 daAuts
     D:5: 1038 daAuts
     D:3: 691 daAuts
     D:6: 42 daAuts
